 Dungeon Crawl Stone Soup version 0.25.1-2-g60ff931df9 (webtiles) character file.

Game seed: 13044198786482391093

25 sankara the Sneak (level 2, 13/13 HPs)
             Began as a Spriggan Enchanter on Nov 28, 2020.
             Got out of the dungeon alive.
             The game lasted 00:02:58 (926 turns).

sankara the Sneak (Spriggan Enchanter)               Turns: 926, Time: 00:02:58

Health: 13/13      AC:  2    Str:  4    XL:     2   Next: 82%
Magic:  6/6        EV: 19    Int: 16    God:
Gold:   42         SH:  0    Dex: 16    Spells: 3/6 levels left

rFire    . . .     SeeInvis +   a - +1 dagger
rCold    . . .     Gourm    .   (shield restricted)
rNeg     . . .     Faith    .   b - +0 robe
rPois    .         Spirit   .   (helmet restricted)
rElec    .         Reflect  .   (no cloak)
rCorr    .         Harm     .   (gloves unavailable)
MR       .....     Rnd*Tele +   (boots unavailable)
Stlth    +++.......             (no amulet)
HPRegen  0.04/turn              e - ring of teleportation (curse)
MPRegen  0.10/turn              (no ring)

@: very quick
A: very small, unfitting armour, see invisible, herbivore, speed 3, slow
metabolism 2
a: no special abilities


You escaped.
You were not hungry.

You visited 1 branch of the dungeon, and saw 1 of its levels.

You collected 42 gold pieces.

Inventory:

Hand Weapons
 a - a +1 dagger (weapon)
Missiles
 c - 46 stones (quivered)
Armour
 b - a +0 robe (worn)
Jewellery
 e - a cursed ring of teleportation (left hand)
Scrolls
 f - a scroll of remove curse {unknown}
 g - a scroll of enchant armour {unknown}
 h - a scroll of enchant weapon {unknown}
 i - 2 scrolls of identify
Potions
 j - a potion of brilliance {unknown}
Comestibles
 d - 2 rations


   Skills:
 + Level 1.7 Short Blades
 + Level 3.4 Dodging
 * Level 5.3 Stealth
 - Level 2.6 Spellcasting
 + Level 3.7 Hexes
 + Level 0.1 Ice Magic


You had 3 spell levels left.
You knew the following spells:

 Your Spells              Type           Power        Failure   Level  Hunger
a - Corona                Hex            ##.....      4%          1    #......
b - Ensorcelled Hibernat  Hex/Ice        #.....       13%         2    ##.....

Your spell library contained the following spells:

 Spells                   Type           Power        Failure   Level  Hunger
 Confusing Touch          Hex            ##......     12%         3    ###....
 Tukima's Dance           Hex            ##......     12%         3    ###....
 Dazzling Flash           Conj/Hex       #.....       26%         3    ###....


Dungeon Overview and Level Annotations

Branches:
Dungeon (1/15)

Altars:


Innate Abilities, Weirdness & Mutations

You are very small and have problems with some larger weapons.
You are too small for most types of armour.
You have supernaturally acute eyesight. (SInv)
You are a herbivore.
You cover ground extremely quickly.
You need to consume almost no food.


Message History

You start resting.
HP restored.
j - a sedimented pink potion You now have 42 gold pieces (gained 9).
Found an escape hatch in the floor.
There is an escape hatch in the floor here.
Found an escape hatch in the floor.
Found an escape hatch in the floor.
There is an escape hatch in the floor here.
Found an escape hatch in the floor.
c - 46 stones (gained 17) Done exploring.
Done exploring.
Done exploring.
Save game and exit?
Welcome back, sankara the Spriggan Enchanter.
Press ? for a list of commands and other information.
There is a staircase leading out of the dungeon here.
Are you sure you want to leave the Dungeon?
This will make you lose the game!
You have escaped!

...#...#.#...#.#........# ##.
...###.###.###.###......# #.
.....#>....#..>..#......# #.
...###.###.#.###.#......# #.
#..#...#.#.#.#.#.#..#+### #.
#..#####.#.###.###......# #.
#........#>.............########.
#..#####.#.###.###.............#†
#..#...#.#.#.#.#@#.......#####.#.
#..###.###.#.###.#.......#.....#.
#....#>....#..>..#.......#.#####.
#..###.###.###.###......##.#...#.
#..#...#.#...#.#...........#....>
#..#####.#####.###.......#.#.....
#................................
#................................
########################.........


There were no monsters in sight!

Vanquished Creatures
  An ooze (D:1)
  2 dart slugs (D:1)
  A ball python (D:1)
  3 goblins (D:1)
  3 hobgoblins (D:1)
  A bat (D:1)
  A frilled lizard (D:1)
  A kobold (D:1)
  4 rats (D:1)
17 creatures vanquished.

Notes
Turn   | Place    | Note
-------+----------+-------------------------------------------
     0 | D:1      | sankara the Spriggan Enchanter began the quest for the Orb.
     0 | D:1      | Reached XP level 1. HP: 9/9 MP: 5/5
   179 | D:1      | Reached skill level 5 in Stealth
   179 | D:1      | Reached XP level 2. HP: 13/13 MP: 6/6
   188 | D:1      | Learned a level 2 spell: Ensorcelled Hibernation
   926 | D:$      | Got out of the dungeon alive.

Illustrated notes

Levels and vault maps discovered:
D:1:      evilmike_arrival_hilbert_curve, layout_basic

Skill      XL: |  1 |
---------------+----+-----
Stealth        | 5 |  5.3
Short Blades   | |  1.7
Dodging        | |  3.4
Spellcasting   | |  2.6
Hexes          | |  3.7
Ice Magic      | |  0.1

Action                   || total
-------------------------++-------
Melee: Dagger            ||    54
 Cast: Ensorcelled Hiber ||     4
       Corona            ||     1
  Use: Scroll            ||     2
 Stab: Sleeping          ||    10
Armor: Robe              ||     1
Dodge: Dodged            ||    27
